 Dungeon Crawl Stone Soup version 0.30-a0-223-gcb0039aa0c (webtiles) character file.

Game seed: 17070134851133718633

198 qw the Shield-Bearer (level 5, -1/32 HPs)
             Began as a Gargoyle Fighter on Oct 9, 2022.
             Slain by an ogre
             ... wielding a +0 giant club
              (14 damage)
             ... on level 4 of the Dungeon.
             The game lasted 00:00:45 (1298 turns).

qw the Shield-Bearer (Gargoyle Fighter)             Turns: 1298, Time: 00:00:45

Health: -1/32      AC: 10    Str: 22    XL:     5   Next: 76%
Magic:  5/5        EV:  8    Int:  8    God:
Gold:   144        SH:  8    Dex:  9    Spells: 4/4 levels left

rFire   . . .      SeeInvis .    Y - +1 war axe
rCold   . . .      Faith    .    g - +0 kite shield
rNeg    + . .      Spirit   .    b - +0 scale mail
rPois   inf        Reflect  .    (no helmet)
rElec   +          Harm     .    (no cloak)
rCorr   .          Rampage  .    (no gloves)
Will    .....                    (no boots)
Stlth   ..........               (no amulet)
HPRegen 0.25/turn                (no ring)
MPRegen 0.09/turn                (no ring)

@: no status effects
A: sickness immunity, AC +4, negative energy resistance 1, electricity
resistance, torment resistance 1, petrification resistance
a: no special abilities


You were on level 4 of the Dungeon.
You visited 1 branch of the dungeon, and saw 3 of its levels.

You collected 144 gold pieces.


Innate Abilities, Weirdness & Mutations

You are immune to sickness and miasma.
Your stone body is resilient. (AC +4)
You are immune to poison.
You resist negative energy. (rN+)
You are resistant to electric shocks. (rElec)
You are resistant to unholy torment.
You are immune to petrification.


   Skills:
 - Level 3.2 Fighting
 + Level 4.2 Axes
 - Level 3.2 Armour
 - Level 5.0 Shields


You had 4 spell levels left.
You didn't know any spells.
Your spell library was empty.

Inventory:

Hand Weapons
 k - a +0 whip
 Y - a +1 war axe (weapon)
Armour
 b - a +0 scale mail (worn)
 g - a +0 kite shield (worn)
Jewellery
 c - an amulet of reflection
Scrolls
 a - a scroll of poison {unknown}
 e - a scroll of amnesia {unknown}
Potions
 d - 3 potions of might
 f - a potion of curing
 i - a potion of mutation {unknown}

Dungeon Overview and Level Annotations

Branches:
Dungeon (2/15)

Altars:


Message History

You kill the goblin!
You slash the goblin!
You kill the goblin!
The goblin barely misses you.
You barely miss the goblin. The goblin barely misses you.
You slash the goblin!
You kill the goblin!
You block the goblin's attack.
You closely miss the goblin. The goblin hits you but does no damage.
You barely miss the goblin. The goblin hits you but does no damage.
You block the goblin's attack.
You hit the goblin.
You kill the goblin!
You slash the goblin!
You kill the goblin!
You slash the goblin!
You kill the goblin!
The ogre closely misses you.
You slash the ogre!
The ogre is moderately wounded.
You block the ogre's attack.
You hit the ogre.
The ogre is moderately wounded.
The ogre closely misses you.
You closely miss the ogre.
The ogre is moderately wounded.
The ogre misses you.
You barely miss the ogre.
The ogre is moderately wounded.
The ogre hits you with a +0 giant club!!
Ouch! That really hurt!
You hit the ogre.
The ogre is heavily wounded.
You block the ogre's attack.
You barely miss the ogre.
The ogre is heavily wounded.
The ogre hits you with a +0 giant club!
You die...

........# ........+
........# ..
........#######...
........'.........
........#.........
........#..####.#
........#..####+###+##
........#.......@)...#
........#.....##O##..#
........#.....#(g. +
........#######(..#
........# #...#
........# #####
........# ........#
........#


You could see an ogre and a goblin.

Vanquished Creatures
  A necrophage (D:4)
  A hound (D:4)
  Ijyb (D:4)
  3 adders
  A dart slug (D:2)
  5 endoplasms
  A giant cockroach (D:1)
  A hobgoblin (D:1)
  4 jackals (D:1)
  3 quokkas
  2 ball pythons (D:1)
  6 bats
  A frilled lizard (D:2)
  13 goblins
  4 kobolds
  4 rats (D:1)
51 creatures vanquished.

Notes
Turn   | Place    | Note
-------+----------+-------------------------------------------
     0 | D:1      | qw the Gargoyle Fighter began the quest for the Orb.
     0 | D:1      | Reached XP level 1. HP: 14/14 MP: 1/1
     0 | D:1      | 0 ||| qw: Version: 0.2-a-17-g06abaee
     0 | D:1      | 0 ||| qw: Game counter: 2078
     0 | D:1      | 0 ||| qw: Always use a shield: true
     0 | D:1      | 0 ||| qw: God list: Okawaru
     0 | D:1      | 0 ||| qw: Allow faded altars: false
     0 | D:1      | 0 ||| qw: Do Orc after D:15 true
     0 | D:1      | 0 ||| qw: Do second Lair branch before Depths: true
     0 | D:1      | 0 ||| qw: Lair rune preference: random
     0 | D:1      | 0 ||| qw: Plans: Normal, Zot:1-4, God:TSO, Crypt, Tomb,
                  | Pan, Slime:5, Hells, Abyss, Orb
     0 | D:1      | 0 ||| PLANNING D:1-11
   103 | D:1      | Reached XP level 2. HP: 19/19 MP: 2/2
   334 | D:1      | Reached skill level 3 in Axes
   372 | D:1      | 372 ||| DROPPING +0 club.
   385 | D:1      | Reached XP level 3. HP: 23/23 MP: 3/3
   715 | D:1      | 715 ||| UPGRADING to +0 kite shield.
   725 | D:1      | 725 ||| DROPPING +0 buckler.
   726 | D:1      | 726 ||| DROPPING amulet of faith.
   727 | D:1      | 727 ||| READING scroll labelled GEOWIA ROULIUM.
   728 | D:1      | 728 ||| READING scroll labelled SOPTITHR WUEFIE.
   729 | D:1      | 729 ||| READING scroll labelled LAMEKHAYTZAA.
   734 | D:1      | 734 ||| READING scroll labelled TYEVIYP UMURA.
   735 | D:1      | 735 ||| READING scroll labelled PEMI ZONUWNESCH.
   736 | D:1      | 736 ||| DRINKING 2 orange potions.
   778 | D:2      | 778 ||| STAIRDANCE
   787 | D:2      | 787 ||| STAIRDANCE
   826 | D:2      | 826 ||| Stepping ~*~*~tactically~*~*~ (stealth).
   936 | D:2      | Reached skill level 4 in Shields
   936 | D:2      | Reached XP level 4. HP: 23/28 MP: 4/4
   980 | D:2      | You fall into a shaft and drop 2 floors!
   994 | D:4      | Noticed Ijyb
  1014 | D:4      | Killed Ijyb
  1158 | D:4      | Reached XP level 5. HP: 22/32 MP: 5/5
  1245 | D:4      | Reached skill level 5 in Shields
  1282 | D:4      | Noticed an ogre
  1298 | D:4      | Slain by an ogre

Levels and vault maps discovered:
D:1:      dpeg_arrival_rooms_b, layout_loops_ring, amcnicky_mini_pool_small
D:2:      minmay_recursive_quarters, layout_basic,
          nicolae_concentric_dashed_squares_wild, dk_vineyard_3
D:4:      cheibrodos_old_hovel, layout_gridville, serial_shops,
          nicolae_shop_stone, minivault_1, minmay_ogre_servants, uniq_ijyb

Skill      XL: |  1  2  3  4  5 |
---------------+----------------+-----
Axes           | 2 3 4 |  4.2
Shields        | 4 5 |  5.0
Fighting       | |  3.2
Armour         | |  3.2

Action                   |  1- 3 |  4- 6 || total
-------------------------+-------+-------++-------
Melee: War axe           |   113 |    56 ||   169
  Use: Scroll            |     5 |       ||     5
       Potion            |     1 |       ||     1
Armor: Scale mail        |    74 |    21 ||    95
Dodge: Dodged            |    44 |    20 ||    64
Block: Buckler           |    13 |       ||    13
       Kite shield       |    20 |    22 ||    42

Table legend:
 A = Non-vault XP
 B = Vault XP
 C = Vault XP percentage of total XP
 D = Non-vault monster count
 E = Vault monster count
 F = Vault count percentage of total count
                 A         B        C        D         E       F
            +---------+---------+-------+---------+---------+-------
      Total |     211 |      72 |  25.4 |      39 |      12 |  23.5
            +---------+---------+-------+---------+---------+-------
        D:1 |      48 |       0 |   0.0 |      29 |       0 |   0.0
        D:2 |      21 |      20 |  48.8 |       6 |       4 |  40.0
        D:4 |     142 |      52 |  26.8 |       4 |       8 |  66.7
            +---------+---------+-------+---------+---------+-------
